 Dungeon Crawl Stone Soup version 0.23.2-33-g5129a83184 (webtiles) character file.

Game seed: 2041012236650269540

21536 Noglodyte the Bludgeoner (level 12, -8/91 HPs)
             Began as a Minotaur Fighter on July 7, 2019.
             Was the Champion of Okawaru.
             Mangled by a death knight
             ... wielding a +0 great sword
              (17 damage)
             ... on level 13 of the Dungeon.
             The game lasted 00:36:00 (9909 turns).

Noglodyte the Bludgeoner (Minotaur Fighter)         Turns: 9909, Time: 00:36:01

Health: -8/91      AC: 12    Str: 24    XL:     12   Next: 55%
Magic:  7/11       EV: 10    Int: 11    God:    Okawaru [******]
Gold:   656        SH: 14    Dex: 14    Spells: 11/11 levels left

rFire    + . .     SeeInvis +   l - +6 morningstar "Leurhas" {elec, Int+3 SInv}
rCold    . . .     Gourm    .   c - +0 shield
rNeg     . . .     Faith    .   E - +4 ring mail {rF+}
rPois    .         Spirit   .   T - +2 hat {Int+3}
rElec    .         Reflect  .   (no cloak)
rCorr    .         Harm     .   (no gloves)
MR       .....                  (no boots)
Stlth    +.........             n - amulet of regeneration
HPRegen  0.65/turn              G - +6 ring of protection
MPRegen  0.12/turn              p - +2 ring of dexterity

@: corroded
A: retaliatory headbutt, horns 2
a: Heroism, Finesse, Renounce Religion


You were on level 13 of the Dungeon.
You worshipped Okawaru.
Okawaru was exalted by your worship.
You were not hungry.

You visited 2 branches of the dungeon, and saw 14 of its levels.
You also visited: Ossuary.

You collected 656 gold pieces.

Inventory:

Hand Weapons
 l - the +6 morningstar "Leurhas" (weapon) {elec, Int+3 SInv}
   (You acquired it on level 6 of the Dungeon)

   Occasionally, upon striking a foe, it will discharge some electrical energy
   and cause terrible harm.
   It affects your intelligence (+3).
   It lets you see invisible.
 Q - a +4 great mace of crushing
Missiles
 D - 9 large rocks
 K - 9 tomahawks (quivered)
 P - 4 exploding tomahawks
Armour
 c - a +0 shield (worn)
 h - a +0 plate armour
 E - a +4 ring mail of fire resistance (worn)
 T - a +2 hat of intelligence (worn)
 X - a +2 pair of gloves of archery
Jewellery
 n - an amulet of regeneration (around neck)
 p - a +2 ring of dexterity (right hand)
 w - an uncursed ring of protection from magic
 A - an uncursed ring of resist corrosion
 B - an uncursed ring of fire
 G - a +6 ring of protection (left hand)
 I - an uncursed ring of see invisible
 R - an uncursed ring of protection from cold {unknown}
Wands
 C - a wand of polymorph (7)
 H - a wand of disintegration (4)
 L - a wand of random effects (14)
 N - a wand of flame (23)
 S - a wand of digging (7)
 U - a wand of iceblast (5)
Scrolls
 b - 7 scrolls of identify
 j - 4 scrolls of enchant weapon
 q - 2 scrolls of amnesia
 s - 5 scrolls of remove curse
 v - 7 scrolls of teleportation
 x - 2 scrolls of fog
 y - a scroll of immolation
 z - 4 scrolls of magic mapping
 M - a scroll of enchant armour
 W - a scroll of noise {unknown}
Potions
 a - 3 potions of berserk rage
 d - 3 potions of might
 e - 5 potions of curing
 g - 2 potions of haste
 i - 3 potions of heal wounds
 k - 5 potions of agility
 m - 9 potions of lignification
 o - 2 potions of brilliance
 r - 2 potions of invisibility
 t - 3 potions of ambrosia
 u - a potion of resistance
 F - 6 potions of degeneration
Miscellaneous
 J - a lamp of fire
 O - a fan of gales
Comestibles
 f - 36 rations
 V - 6 chunks of flesh


   Skills:
 - Level 4.3 Fighting
 - Level 16.0 Maces & Flails
 + Level 13.3 Armour
 + Level 13.3 Shields


You had 11 spell levels left.
You didn't know any spells.
Your spell library contained the following spells:

 Spells                   Type           Power        Failure   Level  Hunger
 Corona                   Hex            #......      52%         1    ##.....
 Infusion                 Chrm           #...         52%         1    ##.....
 Ensorcelled Hibernation  Hex/Ice        #.....       67%         2    ###....
 Shroud of Golubria       Chrm/Tloc      #.........   67%         2    ###....
 Song of Slaying          Chrm           #.......     67%         2    ###....
 Confuse                  Hex            #.......     88%         3    ####...
 Dazzling Spray           Conj/Hex       #.....       88%         3    ####...
 Regeneration             Chrm/Necr      #.........   88%         3    ####...
 Spectral Weapon          Hex/Chrm       #.......     88%         3    ####...
 Tukima's Dance           Hex            #.......     88%         3    ####...
 Bolt of Magma            Conj/Fire/Erth #.........   100%        5    ######.
 Iskenderun's Battlesphe  Conj/Chrm      #.......     100%        5    ######.
 Venom Bolt               Conj/Pois      #.........   100%        5    ######.
 Iron Shot                Conj/Erth      #.........   100%        6    #######
 Orb of Destruction       Conj           #.........   100%        7    #######
 Spellforged Servitor     Conj/Summ      #.........   100%        7    #######


Dungeon Overview and Level Annotations

Branches:
Dungeon (13/15)            Temple (0/1) D:7            Lair (0/6) D:11
    Orc (1/2) D:10
 Vaults: D:13-14

Altars:
Ashenzari
Dithmenos
Elyvilon
Fedhas
Hepliaklqana
Makhleb
Okawaru
Qazlal
Ru
Sif Muna
Vehumet
Yredelemnul
The Shining One

Shops:
D:9 :   D:10 *


Innate Abilities, Weirdness & Mutations

You reflexively headbutt those who attack you in melee.
You have a pair of horns on your head.


Message History

A wraith comes into view.
Things that are here:
2 arrows; a scroll of identify You feel much better.
The centaur wields a +1 shortbow of freezing.
It is covered in frost.
The centaur shoots an arrow.
You block the arrow.
The centaur shoots an arrow.
You block the arrow. The hippogriff closely misses you.
The hippogriff barely misses you. x2
The phantasmal warrior hits you!!
* * * LOW HITPOINT WARNING * * *
The unseen horror hits you but does no damage.
You feel much better.
Your hands slow down.
You block the unseen horror's attack. You block the hippogriff's attack.
The hippogriff pecks you.
* * * LOW HITPOINT WARNING * * *
The hippogriff claws you.
* * * LOW HITPOINT WARNING * * *
The death knight hits you with a +0 great sword!
You die...

..........##..!......#
#........).#..$......#
...........#......../#
...........#.........#
.†(........#.........#
).†........#.........#
.)†..÷.....#......(..#
................Wx...#
........#.......@....#
........#.).....pHD###
........#.#####czcc#
.>......... ...cc...Y
.[..........###....##W.
............ #....# ...
.........=.. #....# ..
######. .....# #
#.....#


You could see a death knight, a catoblepas, a skeletal warrior, a centaur
warrior, a phantasmal warrior, a hippogriff, an unseen horror (invisible), a
wraith, an acid dragon and 4 centaurs.

Vanquished Creatures
  Kirke (D:12)
  Snorg (D:12)
  A hydra (D:12)
  A two-headed ogre (D:11)
  3 skeletal warriors (D:11)
  An unseen horror (D:11)
  A phantasmal warrior (D:13)
  Pikel (D:6)
  7 ugly things
  A manticore (D:12)
  A cyclops (D:11)
  Maurice (D:13)
  A kobold demonologist (D:12)
  2 centaur skeletons
  A tengu conjurer (D:13)
  A komodo dragon (D:12)
  The ghost of bocha96 the Digger, a novice GrEE (D:5)
  2 trolls
  Grinder (D:6)
  A hornet (D:9)
  A hippogriff (D:11)
  A shadow (D:12)
  7 yaks
  A wyvern (D:12)
  A wraith (D:12)
  A basilisk (D:12)
  2 hogs (D:12)
  A hungry ghost (D:10)
  4 vampire mosquitoes (D:12)
  A warg (D:10)
  Edmund (D:4)
  A soldier ant (D:7)
  2 slaves (D:6)
  5 orc warriors
  3 sky beasts
  4 ogres
  2 phantoms
  4 ice beasts
  3 centaurs
  3 big kobolds
  6 bullfrogs
  A gnoll sergeant (D:9)
  4 water moccasin zombies (Ossuary)
  3 scorpions
  A troll zombie (D:10)
  13 killer bees
  7 wights (D:8)
  A howler monkey (D:5)
  A bullfrog zombie (D:8)
  7 crimson imps
  A centaur zombie (D:11)
  8 hounds
  7 orc priests
  3 jellies
  3 bullfrog skeletons
  3 iguanas
  6 orc wizards
  3 worker ants
  A killer bee zombie (D:8)
  6 big kobold zombies (Ossuary)
  7 ogre zombies (D:10)
  2 mummies (Ossuary)
  10 gnolls
  16 adders
  2 shadow imps (D:8)
  An ooze (D:1)
  8 adder zombies
  3 adder skeletons
  3 worms
  4 leopard geckos
  25 orcs
  6 giant cockroaches
  6 goblins
  5 hobgoblins
  17 jackals
  10 kobolds
  3 quokkas
  A ball python (D:2)
  7 bats
  6 frilled lizards
  A giant cockroach zombie (D:6)
  A goblin skeleton (D:10)
  3 goblin zombies (D:10)
  2 hobgoblin skeletons (D:10)
  7 hobgoblin zombies
  A jackal skeleton (D:9)
  5 kobold zombies (Ossuary)
  2 orc skeletons (D:10)
  19 orc zombies
  A quokka skeleton (D:7)
  7 rats
354 creatures vanquished.

Vanquished Creatures (others)
  A human (D:12)
1 creature vanquished.

Grand Total: 355 creatures vanquished

Notes
Turn   | Place    | Note
-------+----------+-------------------------------------------
     0 | D:1      | Noglodyte the Minotaur Fighter began the quest for the Orb.
     0 | D:1      | Reached XP level 1. HP: 19/19 MP: 0/0
   100 | D:1      | Reached skill level 3 in Maces & Flails
   107 | D:1      | Reached XP level 2. HP: 20/26 MP: 1/1
   303 | D:1      | Reached skill level 4 in Maces & Flails
   647 | D:1      | Reached XP level 3. HP: 31/31 MP: 2/2
  1297 | D:2      | Reached skill level 5 in Maces & Flails
  1314 | D:2      | Reached XP level 4. HP: 24/39 MP: 3/3
  1721 | D:2      | Found a faded altar of an unknown god.
  2283 | D:3      | Found an iron altar of Okawaru.
  2292 | D:3      | Became a worshipper of Warmaster Okawaru
  2538 | D:4      | Reached skill level 6 in Maces & Flails
  2573 | D:4      | Reached XP level 5. HP: 31/45 MP: 4/4
  2574 | D:4      | Noticed Edmund
  2607 | D:4      | Killed Edmund
  2607 | D:4      | Reached skill level 7 in Maces & Flails
  2756 | D:4      | Reached XP level 6. HP: 51/51 MP: 5/5
  2804 | D:4      | Reached * piety under Okawaru
  2806 | D:4      | Reached skill level 8 in Maces & Flails
  3266 | D:5      | Entered Level 5 of the Dungeon
  3327 | D:5      | Noticed an ice beast
  3336 | D:5      | Killed an ice beast
  3336 | D:5      | Reached skill level 9 in Maces & Flails
  3350 | D:5      | Found a runed translucent door.
  3351 | D:5      | Noticed bocha96's ghost (novice GrEE)
  3431 | D:5      | Reached XP level 7. HP: 57/57 MP: 6/6
  3569 | D:5      | Reached ** piety under Okawaru
  3703 | D:5      | Reached skill level 10 in Maces & Flails
  3755 | D:5      | Killed bocha96's ghost
  3755 | D:5      | Reached skill level 11 in Maces & Flails
  4168 | D:6      | Reached XP level 8. HP: 44/64 MP: 7/7
  4191 | D:6      | Reached *** piety under Okawaru
  4259 | D:6      | Identified a scroll of acquirement
  4260 | D:6      | Got a polished morningstar
  4261 | D:6      | Identified the +6 morningstar "Leurhas" {elec, Int+3 SInv}
                  | (You acquired it on level 6 of the Dungeon)
  4333 | D:6      | Found a sand-covered staircase.
  4342 | D:6      | Reached skill level 12 in Maces & Flails
  4348 | Ossuary  | Entered an ossuary
  4466 | Ossuary  | Reached skill level 13 in Maces & Flails
  4551 | D:6      | Noticed Pikel
  4556 | D:6      | Killed Pikel
  4556 | D:6      | Reached **** piety under Okawaru
  4556 | D:6      | Reached XP level 9. HP: 69/70 MP: 8/8
  4571 | D:6      | Reached skill level 14 in Maces & Flails
  4611 | D:6      | Noticed Grinder
  4624 | D:6      | Killed Grinder
  4686 | D:6      | Found a shadowy altar of Dithmenos.
  5123 | D:7      | Reached ***** piety under Okawaru
  5239 | D:7      | Reached skill level 15 in Maces & Flails
  5247 | D:7      | Found a staircase to the Ecumenical Temple.
  6090 | D:8      | Reached skill level 16 in Maces & Flails
  6135 | D:8      | Found a shattered altar of Ashenzari.
  6204 | D:8      | Reached XP level 10. HP: 78/78 MP: 9/9
  6390 | D:8      | Found an iron altar of Okawaru.
  6391 | D:8      | Found a radiant altar of Vehumet.
  6393 | D:8      | Found a stormy altar of Qazlal.
  6396 | D:8      | Found a hazy altar of Hepliaklqana.
  6397 | D:8      | Found a shadowy altar of Dithmenos.
  6397 | D:8      | Found a sacrificial altar of Ru.
  6397 | D:8      | Found a blossoming altar of Fedhas.
  6398 | D:8      | Found a basalt altar of Yredelemnul.
  6399 | D:8      | Found a glowing golden altar of the Shining One.
  6400 | D:8      | Found a burning altar of Makhleb.
  6401 | D:8      | Found a deep blue altar of Sif Muna.
  6402 | D:8      | Found a white marble altar of Elyvilon.
  6624 | D:9      | Found Guafel's Book Shop.
  6635 | D:9      | Reached skill level 5 in Shields
  6664 | D:9      | Reached skill level 5 in Armour
  6670 | D:9      | Received a gift from Okawaru
  7238 | D:10     | Entered Level 10 of the Dungeon
  7302 | D:10     | Found a staircase to the Orcish Mines.
  7852 | D:10     | Found Idwou's Assorted Antiques.
  8193 | Orc:1    | Entered Level 1 of the Orcish Mines
  8206 | Orc:1    | Noticed a cyclops
  8296 | D:11     | Noticed a white ugly thing
  8306 | D:11     | Killed a white ugly thing
  8414 | D:11     | Noticed a cyclops
  8414 | D:11     | Noticed a brown ugly thing
  8418 | D:11     | Noticed a green ugly thing
  8424 | D:11     | Killed a brown ugly thing
  8424 | D:11     | Received a gift from Okawaru
  8426 | D:11     | Reached XP level 11. HP: 34/84 MP: 10/10
  8433 | D:11     | Killed a green ugly thing
  8653 | D:11     | Noticed a two-headed ogre
  8660 | D:11     | Killed a two-headed ogre
  8781 | D:11     | Noticed a skeletal warrior
  8782 | D:11     | Noticed a skeletal warrior
  8791 | D:11     | Killed a skeletal warrior
  8791 | D:11     | Reached skill level 10 in Armour
  8791 | D:11     | Reached skill level 10 in Shields
  8796 | D:11     | Noticed a skeletal warrior
  8799 | D:11     | Killed a skeletal warrior
  8799 | D:11     | Reached ****** piety under Okawaru
  8799 | D:11     | Received a gift from Okawaru
  8813 | D:11     | Killed a skeletal warrior
  8913 | D:11     | Noticed an unseen horror
  8917 | D:11     | Killed an unseen horror
  8955 | D:11     | Found a staircase to the Lair.
  9183 | D:12     | Noticed a purple ugly thing
  9188 | D:12     | Noticed a four-headed hydra
  9192 | D:12     | Killed a purple ugly thing
  9200 | D:12     | Killed a four-headed hydra
  9283 | D:12     | Noticed Snorg
  9293 | D:12     | Killed Snorg
  9334 | D:12     | Reached XP level 12. HP: 84/91 MP: 8/11
  9356 | D:12     | Noticed Kirke
  9370 | D:12     | Killed Kirke
  9370 | D:12     | Received a gift from Okawaru
  9795 | D:13     | Noticed Maurice
  9802 | D:13     | Killed Maurice
  9891 | D:13     | Noticed a death knight
  9896 | D:13     | Noticed a centaur warrior
  9902 | D:13     | Noticed a catoblepas
  9905 | D:13     | Received a gift from Okawaru
  9908 | D:13     | HP: 2/91 [phantasmal warrior[a death knight] (33)]
  9909 | D:13     | Mangled by a death knight

Skill      XL: |  1  2  3  4  5  6  7  8  9 10 11 12 |
---------------+-------------------------------------+-----
Maces & Flails | 3 4 5 6 7 9 11 13 16 | 16.0
Fighting       | 4 |  4.3
Shields        | 4 8 11 13 | 13.3
Armour         | 8 11 13 | 13.3

Action                   |  1- 3 |  4- 6 |  7- 9 | 10-12 || total
-------------------------+-------+-------+-------+-------++-------
Melee: Flail             |    88 |   146 |   102 |       ||   336
       Headbutt          |     7 |    21 |    55 |   104 ||   187
       Morningstar       |       |       |   223 |   472 ||   695
Invok: Heroism           |       |       |     1 |     4 ||     5
       Finesse           |       |       |       |     1 ||     1
  Use: Scroll            |       |     7 |     9 |     8 ||    24
       Potion            |       |     1 |     2 |     3 ||     6
  Eat: Chunk             |     1 |     7 |     9 |    13 ||    30
Armor: Scale mail        |    34 |    16 |       |       ||    50
       Leather armour    |       |     9 |       |       ||     9
       Ring mail         |       |    16 |   129 |   186 ||   331
Dodge: Dodged            |    23 |    32 |    47 |   125 ||   227
Block: Shield            |    51 |    78 |   105 |   272 ||   506
